 Dungeon Crawl Stone Soup version 0.31-a0-369-g8eba5f6939 (webtiles) character file.

Game seed: 10137421028303728302

1106 arthad the Shield-Bearer (level 8, -3/51 HPs)
             Began as a Gargoyle Fighter on July 29, 2023.
             Slain by a wight
             ... wielding a +6 long sword
              (7 damage)
             ... on level 6 of the Dungeon.
             The game lasted 00:11:30 (4831 turns).

arthad the Shield-Bearer (Gargoyle Fighter)         Turns: 4831, Time: 00:11:31

Health: -3/51      AC: 15    Str: 21    XL:     8   Next: 33%
Magic:  8/8        EV:  9    Int: 10    God:
Gold:   283        SH:  6    Dex:  9    Spells: 7/7 levels left

rFire   . . .        i - +0 morningstar
rCold   . . .        c - +1 buckler
rNeg    + . .        b - +0 scale mail
rPois   ∞            (no helmet)
rElec   +            (no cloak)
rCorr   .            l - +0 pair of gloves
SInv    .            n - +0 pair of boots
Will    .....        (no amulet) Stlth
                     (no ring)
HPRegen 0.28/turn    (no ring)
MPRegen 0.11/turn

%: no passive effects
@: no status effects
A: sickness immunity, AC +5, negative energy resistance 1, electricity
resistance, torment resistance 1, petrification resistance
a: no special abilities


You were on level 6 of the Dungeon.
You visited 1 branch of the dungeon, and saw 6 of its levels.
You also visited: Ossuary.

You collected 283 gold pieces.

Inventory:

Hand Weapons
 a - a +0 flail
 d - a +4 halberd
 i - a +0 morningstar (weapon)
Missiles
 p - 2 poisoned darts (quivered)
Armour
 b - a +0 scale mail (worn)
 c - a +1 buckler (worn)
 l - a +0 pair of gloves (worn)
 n - a +0 pair of boots (worn)
Jewellery
 e - a ring of ice
Wands
 u - a wand of flame (16)
Scrolls
 g - a scroll of torment {unknown}
 j - 4 scrolls of teleportation
 k - a scroll of noise
 r - a scroll of enchant weapon {unknown}
 t - 2 scrolls of fear
 w - 2 scrolls of fog
 x - a scroll of blinking
Potions
 f - 3 potions of brilliance
 h - 2 potions of invisibility {unknown}
 m - a potion of curing
 o - 2 potions of enlightenment
 q - a potion of haste
 s - a potion of lignification
 v - a potion of attraction
 z - 2 potions of degeneration {unknown}
Miscellaneous
 y - a piece from Xom's chessboard (15/15)


   Skills:
 + Level 6.1 Fighting
 + Level 5.1 Maces & Flails
 + Level 6.1 Armour
 + Level 6.1 Shields


You had 7 spell levels left.
You didn't know any spells.
Your spell library contained the following spells:

 Spells                   Type           Power      Damage    Failure   Level
 Magic Dart               Conj           0%         1d3       75%         1
 Sting                    Tmut/Pois      0%         1d3       75%         1
 Call Imp                 Summ           0%         N/A       86%         2
 Ensorcelled Hibernation  Hex/Ice        0%         N/A       86%         2
 Passwall                 Tmut/Erth      0%         N/A       86%         2
 Mephitic Cloud           Conj/Pois/Air  0%         N/A       98%         3
 Swiftness                Air            0%         N/A       98%         3


Dungeon Overview and Level Annotations

Branches:
Dungeon (6/15)            Ossuary (visited)
 Temple: D:4-7

Altars:
Ashenzari
Qazlal
Trog


Innate Abilities, Weirdness & Mutations

You are immune to sickness and miasma.
Your stone body is resilient. (AC +5)
You are immune to poison.
You resist negative energy. (rN+)
You are resistant to electric shocks. (rElec)
You are resistant to unholy torment.
You are immune to petrification.


Message History

Things that are here:
a +0 giant spiked club; an ogre corpse A wight is nearby!
You barely miss the wight. The wight barely misses you.
You closely miss the wight.
The wight hits you with a +5 hand axe of freezing.
The wight freezes you.
The wight hits you with a +5 hand axe of freezing.
The wight freezes you.
You completely miss the wight. You block the wight's attack.
You sock the wight!
The wight is severely damaged.
You puncture the wight!
You destroy the wight!
The wight hits you with a +6 long sword.
You are too injured to fight recklessly!
You are too injured to fight recklessly!
You are too injured to fight recklessly!
You are too injured to fight recklessly!
You are too injured to fight recklessly!
You are too injured to fight recklessly!
You are too injured to fight recklessly!
You are too injured to fight recklessly!
You are too injured to fight recklessly!
You are too injured to fight recklessly!
You are too injured to fight recklessly!
You are too injured to fight recklessly!
You are too injured to fight recklessly!
You are too injured to fight recklessly!
You are too injured to fight recklessly!
You are too injured to fight recklessly!
You barely miss the wight.
The wight hits you with a +4 scimitar of freezing!
The wight freezes you.
* * * LOW HITPOINT WARNING * * *
The wight hits you with a +6 long sword!
* * * LOW HITPOINT WARNING * * *
You block the wight's attack.
The wight hits you with a +6 long sword!
You die...

##.##.#.##.#
#. #......#
#. ######.#
#.#
#######.#
.......)#
######..#
#..# #)@#
#zz# #..#
#..# #..#
#..# #..#
#..#


You could see 2 wights.

Vanquished Creatures
  Eustachio (D:4)
  An orc warrior (D:6)
  An ogre (D:6)
  2 elf zombies (Ossuary)
  A scorpion (D:5)
  A wight (D:6)
  A human zombie (Ossuary)
  A centaur zombie (Ossuary)
  A hound (D:4)
  2 orc priests (D:3)
  An iguana (D:5)
  An orc wizard (D:4)
  A sleepcap (D:5)
  2 mummies (Ossuary)
  7 adders
  3 gnolls (D:2)
  2 ufetubi
  2 adder zombies (Ossuary)
  4 worms
  A dart slug (D:5)
  10 orcs
  7 ball pythons
  2 bats
  5 endoplasms
  4 goblins
  3 hobgoblins
  10 jackals
  2 quokkas (D:3)
  4 frilled lizards
  10 hobgoblin zombies (Ossuary)
  A jackal zombie (Ossuary)
  8 kobolds
  9 kobold zombies (Ossuary)
  9 orc zombies (Ossuary)
  3 rats
  A rat zombie (Ossuary)
124 creatures vanquished.

Vanquished Creatures (collateral kills)
  A scorpion (D:6)
1 creature vanquished.

Vanquished Creatures (others)
  An orc wizard (D:6)
1 creature vanquished.

Grand Total: 126 creatures vanquished

Notes
Turn   | Place    | Note
-------+----------+-------------------------------------------
     0 | D:1      | arthad the Gargoyle Fighter began the quest for the Orb.
     0 | D:1      | Reached XP level 1. HP: 14/14 MP: 1/1
    98 | D:1      | Reached XP level 2. HP: 19/19 MP: 2/2
   104 | D:1      | Found a faded altar of an unknown god.
   135 | D:1      | Got Plato's Annotations on Virulence
   771 | D:2      | Found a bloodstained altar of Trog.
   923 | D:2      | Reached XP level 3. HP: 23/23 MP: 3/3
  1239 | D:2      | Reached XP level 4. HP: 7/29 MP: 4/4
  2067 | D:3      | Reached XP level 5. HP: 30/33 MP: 5/5
  2543 | D:4      | Reached XP level 6. HP: 39/39 MP: 6/6
  2713 | D:4      | Noticed Eustachio
  3039 | D:4      | Killed Eustachio
  3401 | D:5      | Entered Level 5 of the Dungeon
  3405 | D:5      | Reached skill level 5 in Shields
  3432 | D:4      | Reached skill level 5 in Armour
  3465 | D:4      | Reached skill level 5 in Fighting
  3563 | D:5      | Reached XP level 7. HP: 44/44 MP: 7/7
  3727 | D:5      | Found a broken altar of Ashenzari.
  3731 | D:5      | Saw a vision of the Swamp and the Spider Nest.
  3731 | D:5      | Noticed a sun moth
  3731 | D:5      | Noticed a redback
  3731 | D:5      | Noticed a jumping spider
  3731 | D:5      | Noticed a jumping spider
  3731 | D:5      | Noticed a meliai
  3731 | D:5      | Noticed a bog body
  3731 | D:5      | Noticed a goliath frog
  3731 | D:5      | Noticed a spriggan rider
  3731 | D:5      | Noticed an alligator
  3731 | D:5      | Noticed an eleionoma
  3731 | D:5      | Noticed a bloated husk
  3731 | D:5      | Noticed a spriggan druid
  3731 | D:5      | Noticed an alligator
  3731 | D:5      | Noticed a tarantella
  3731 | D:5      | Noticed a spark wasp
  3732 | D:5      | Noticed a redback
  3732 | D:5      | Noticed a redback
  3732 | D:5      | Noticed a spriggan rider
  3732 | D:5      | Noticed a redback
  3732 | D:5      | Noticed a steelbarb worm
  3734 | D:5      | Noticed a demonic crawler
  3736 | D:5      | Noticed a ghost moth
  3750 | D:5      | Found a stormy altar of Qazlal.
  4230 | D:6      | HP: 2/44 [orc warrior/+4 halberd (10)]
  4280 | D:6      | Found a sand-covered staircase.
  4291 | Ossuary  | Entered an ossuary
  4493 | Ossuary  | Reached XP level 8. HP: 23/51 MP: 8/8
  4818 | D:6      | Reached skill level 5 in Maces & Flails
  4831 | D:6      | Slain by a wight

Illustrated notes

Levels and vault maps discovered:
D:1:      dpeg_arrival_stonehenge_8_columns, layout_basic,
          shapermc_ecumenical_altar_rom_forum
D:2:      layout_basic, basic_altar
D:3:      layout_basic, skrybe_limestone_x
D:4:      layout_gridville, uniq_eustachio
D:5:      layout_rooms, nicolae_qazlal_eye_of_the_storm,
          grunt_ashenzari_visionary [grunt_ashenzari_visionary_swamp,
          grunt_ashenzari_visionary_spider], minmay_door_square
D:6:      layout_loops_ring, mainiacjoe_overflow_chevrons,
          chequers_ossuary_entry_cave, hellmonk_bongcloud_opening

Skill      XL: |  1  2  3  4  5  6  7  8 |
---------------+-------------------------+-----
Fighting       | 4 5 6 |  6.1
Armour         | 4 5 6 |  6.1
Shields        | 4 5 6 |  6.1
Maces & Flails | 3 4 5 |  5.1

Action                     |  1- 3 |  4- 6 |  7- 9 || total
---------------------------+-------+-------+-------++-------
  Melee: Flail             |    92 |   227 |       ||   319
         Morningstar       |       |       |   231 ||   231
  Throw: Dart              |       |     5 |       ||     5
  Evoke: Wand              |       |     6 |       ||     6
    Use: Potion            |     1 |     6 |     4 ||    11
         Scroll            |       |     4 |     8 ||    12
 Armour: Scale mail        |    49 |   252 |   193 ||   494
  Dodge: Dodged            |    43 |   165 |   139 ||   347
  Block: Buckler           |    25 |    82 |    98 ||   205

Table legend: (Time is in decaauts)
 A = Elapsed time spent in this place.
 B = Non-inter-level travel time spent in this place.
 C = Inter-level travel time spent in this place.
 D = Time resting spent in this place.
 E = Time spent auto-exploring this place.
 F = Levels seen in this place.
 G = Mean time per level.
                   A        B        C        D        E       F      G
               +--------+--------+--------+--------+--------+-----+--------+
         Total |   5003 |   4774 |    229 |    238 |   3301 |   7 |  714.7 |
       Dungeon |   4494 |   4265 |    229 |    113 |   3180 |   6 |  749.0 |
       Ossuary |    509 |    509 |      0 |    125 |    121 |   1 |  509.0 |
               +--------+--------+--------+--------+--------+-----+--------+

Top non-repeatable levels by time:
     D:4: 1165 daAuts
     D:2: 973 daAuts
     D:1: 757 daAuts
     D:3: 736 daAuts
     D:5: 652 daAuts
 Ossuary: 509 daAuts
     D:6: 208 daAuts
